 Dungeon Crawl Stone Soup version 0.28.0-43-g3370ac3207 (webtiles) character file.

Game seed: 13746720371028097971

31 Revguard the Magician (level 3, -2/26 HPs)
             Began as a Djinni Ice Elementalist on Mar 10, 2022.
             Slain by a gnoll
             ... wielding a +0 flail
              (5 damage)
             ... on level 2 of the Dungeon.
             The game lasted 00:05:12 (1694 turns).

Revguard the Magician (Djinni Ice Elementalist)     Turns: 1694, Time: 00:05:13

Health: -2/26      AC:  4    Str:  9    XL:     3   Next: 40%
Gold:   48         EV: 12    Int: 16    God:
                   SH:  0    Dex: 13

rFire   + + .      SeeInvis .   c - +0 quarterstaff
rCold   x . .      Faith    .   (shield currently unavailable)
rNeg    . . .      Spirit   .   b - +0 leather armour
rPois   ∞          Reflect  .   (no helmet)
rElec   .          Harm     .   d - +0 cloak
rCorr   .          Rampage  .   (no gloves)
Will    .....                   (boots unavailable)
Stlth   ++........              (no amulet)
HPRegen 0.08/turn               (no ring)
MPRegen 0.00/turn               (no ring)

@: flying, very slightly contaminated
A: sickness immunity, fire resistance 2, cold vulnerability 1, float, innate
caster, HP casting, extra vitality 1
a: no special abilities


You were on level 2 of the Dungeon.
You visited 1 branch of the dungeon, and saw 2 of its levels.

You collected 48 gold pieces.

Inventory:

Hand Weapons
 c - a +0 quarterstaff (weapon)
Armour
 a - a +0 robe
 b - a +0 leather armour (worn)
 d - a +0 cloak (worn)


   Skills:
 + Level 0.9 Fighting
 + Level 0.2 Staves
 + Level 0.7 Armour
 + Level 2.4 Dodging
 + Level 1.8 Stealth
 * Level 3.5 Spellcasting


You couldn't memorise any spells.
You knew the following spells:

 Your Spells              Type           Power      Damage    Failure   Level
a - Freeze                Ice            56%        1d7       5%          1
b - Frozen Ramparts       Ice            28%        1d4       17%         3
c - Ozocubu's Armour      Ice            14%        N/A       17%         3
d - Hailstorm             Conj/Ice       14%        3d5       50%         4
e - Slow                  Hex            56%        N/A       5%          1
Your spell library was empty.

Dungeon Overview and Level Annotations

Branches:
Dungeon (2/15)

Altars:
Xom

Shops:
D:1 ?


Innate Abilities, Weirdness & Mutations

You are immune to sickness and miasma.
You are immune to poison.
Your flesh is very heat resistant. (rF++)
You are vulnerable to cold. (rC-)
You float through the air rather than walking.
You learn spells naturally, not from books.
Your magical power is your life essence.
You have superior vitality. (+4 MHP)


Message History

The gnoll shouts!
You see here 13 gold pieces.
You hit the gnoll.
The gnoll is heavily wounded.
The gnoll hits you with a +0 flail. The gnoll barely misses you.
You barely miss the gnoll.
The gnoll is heavily wounded.
The gnoll barely misses you.
You closely miss the gnoll.
The gnoll is heavily wounded.
The gnoll barely misses you.
Casting: Freeze (safe; 5% risk of failure)
Confirm with . or Enter, or press ? or * to list all spells.
The spell is quite dangerous to miscast (17% risk of failure)!
Continue anyway?
Casting: Frozen Ramparts (quite dangerous; 17% risk of failure)
Press: ? - help, Dir - look around, f - activate You miscast Frozen Ramparts.
You are very lightly contaminated with residual magic.
Nothing appears to happen.
The gnoll barely misses you.
Casting: Frozen Ramparts (quite dangerous; 17% risk of failure)
Confirm with . or Enter, or press ? or * to list all spells.
The spell is quite dangerous to miscast (17% risk of failure)!
Continue anyway?
Casting: Frozen Ramparts (quite dangerous; 17% risk of failure)
Press: ? - help, Dir - look around, f - activate You miscast Frozen Ramparts.
Nothing appears to happen.
The gnoll hits you with a +0 flail!
* * * LOW HITPOINT WARNING * * *
You aren't carrying any potions.
The quokka twitches its whiskers.
Found a short sword.
A bat comes into view.
The bat hits you.
* * * LOW HITPOINT WARNING * * *
The bat closely misses you.
You barely miss the bat. The bat barely misses you.
The gnoll hits you with a +0 flail.
* * * LOW HITPOINT WARNING * * *
The quokka bites you but does no damage.
The gnoll hits you with a +0 flail.
You die...

################
....b...r......####
#...@g.g.g.....+
#.#########g####
#.# #.#r# #.#.# .
#.#g# .
###.#g########.
...#gg...ggg..
#.####.###..g.r..$


You could see 3 gnolls, a quokka, a goblin and a bat.

Vanquished Creatures
  A dart slug (D:1)
  3 ball pythons
  A bat (D:2)
  2 endoplasms
  A giant cockroach (D:2)
  2 goblins (D:1)
  3 hobgoblins
  6 jackals (D:1)
  2 kobolds
  A quokka (D:1)
  A frilled lizard (D:1)
23 creatures vanquished.

Notes
Turn   | Place    | Note
-------+----------+-------------------------------------------
     0 | D:1      | Revguard the Djinni Ice Elementalist began the quest for
                  | the Orb.
     0 | D:1      | Reached XP level 1. HP: 15/15 MP: 0/0
   231 | D:1      | Reached XP level 2. HP: 18/21 MP: 0/0
   779 | D:1      | Reached XP level 3. HP: 23/26 MP: 0/0
   779 | D:1      | Learned a level 1 spell: Slow
   827 | D:1      | Found Liricix's Magic Scroll Shop.
  1582 | D:2      | Found a shimmering altar of Xom.
  1694 | D:2      | Slain by a gnoll

Illustrated notes

Levels and vault maps discovered:
D:1:      lightli_molten_gateway, layout_basic, serial_shops,
          nicolae_shop_hallway_stairs
D:2:      layout_basic, basic_altar, minmay_diced_spiral

Action                   || total
-------------------------++-------
Melee: Unarmed           ||     1
       Quarterstaff      ||    26
 Cast: Freeze            ||    22
       Frozen Ramparts   ||     1
 Stab: Sleeping          ||     1
Armor: Leather armour    ||    11
       Robe              ||     1
Dodge: Dodged            ||    40
